 Dungeon Crawl Stone Soup version 0.25.1-2-g60ff931df9 (webtiles) character file.

Game seed: 15774361401047629613

885 Delamore the Cudgeler (level 8, -9/49 HPs)
             Began as a Gargoyle Fighter on Aug 29, 2020.
             Was an Initiate of Okawaru.
             Killed by divine providence
             ... invoked by an orc priest
              (15 damage)
             ... on level 5 of the Dungeon.
             The game lasted 00:03:32 (3926 turns).

Delamore the Cudgeler (Gargoyle Fighter)            Turns: 3926, Time: 00:03:33

Health: -9/49      AC: 24    Str: 22    XL:     8   Next: 5%
Magic:  8/8        EV:  6    Int:  9    God:    Okawaru [......]
Gold:   201        SH: 10    Dex:  9    Spells: 7/7 levels left

rFire    . . .     SeeInvis .   a - +0 flail
rCold    . . .     Gourm    .   c - +0 kite shield
rNeg     + . .     Faith    .   s - +0 chain mail
rPois    ∞         Spirit   .   q - +0 helmet
rElec    +         Reflect  .   t - +2 cloak
rCorr    .         Harm     .   g - +2 pair of gloves
MR       .....                  y - +0 pair of boots
Stlth    ..........             (no amulet)
HPRegen  0.16/turn              (no ring)
MPRegen  0.11/turn              (no ring)

@: no status effects
A: negative energy resistance 1, electricity resistance, unbreathing,
petrification resistance, rot immunity, AC +5
a: Renounce Religion


You were on level 5 of the Dungeon.
You worshipped Okawaru.
Okawaru was noncommittal.
You were not hungry.

You visited 2 branches of the dungeon, and saw 6 of its levels.

You collected 201 gold pieces.

Inventory:

Hand Weapons
 a - a +0 flail (weapon)
Armour
 c - a +0 kite shield (worn)
 g - a +2 pair of gloves (worn)
 q - a +0 helmet (worn)
 s - a +0 chain mail (worn)
 t - a +2 cloak (worn)
 y - a +0 pair of boots (worn)
Jewellery
 h - an uncursed ring of fire
Scrolls
 b - a scroll of noise {unknown}
 e - 3 scrolls of identify {unknown}
 j - a scroll of magic mapping {unknown}
 k - 2 scrolls of fog {unknown}
 l - a scroll of immolation {unknown}
 m - 2 scrolls of fear {unknown}
 n - 2 scrolls of remove curse {unknown}
 o - 3 scrolls of teleportation {unknown}
Potions
 d - a potion of might
 i - 2 potions of brilliance {unknown}
 p - a potion of haste {unknown}
 r - 2 potions of degeneration {unknown}
 u - a potion of stabbing {unknown}
 v - 2 potions of flight {unknown}
 x - a potion of heal wounds {unknown}
 z - a potion of curing {unknown}
Comestibles
 f - 8 rations


   Skills:
 - Level 5.0 Fighting
 + Level 6.8 Maces & Flails
 - Level 5.0 Armour
 - Level 5.0 Shields


You had 7 spell levels left.
You didn't know any spells.
Your spell library was empty.

Dungeon Overview and Level Annotations

Branches:
Dungeon (5/15)             Temple (1/1) D:5

Altars:
Dithmenos
Elyvilon
Fedhas
Gozag
Hepliaklqana
Kikubaaqudgha
Makhleb
Nemelex Xobeh
Okawaru
Sif Muna
Vehumet
Wu Jian
Xom
Zin


Innate Abilities, Weirdness & Mutations

You are resistant to torment.
Your stone body is resilient. (AC +5)
You are immune to poison.
You resist negative energy. (rN+)
You are resistant to electric shocks. (rElec)
You can survive without breathing.
You are immune to petrification.
You are immune to rotting.


Message History

* * * LOW HITPOINT WARNING * * *
The orc completely misses you.
You are too injured to fight recklessly!
You are too injured to fight recklessly!
You are too injured to fight recklessly!
You are too injured to fight recklessly!
You are too injured to fight recklessly!
You are too injured to fight recklessly!
You are too injured to fight recklessly!
You are too injured to fight recklessly!
You block the orc's attack. You block the orc's attack.
There is an open door, spattered with blood here.
You see here a +0 giant club.
There is a stone staircase leading down here.
You can't go up here!
You block the orc priest's attack.
The orc priest calls down the wrath of Beogh upon you.
Beogh smites you!
You die...

######'########+##
...................
#....................
#........>...........
#....................
#....................
.#######................>...
.........#########+######...
.........#o@...#........#...
........oo.....#........#...
.........#.###...###....'...
..........#.# #.⌠.# #....#...
..........#.###...###....#...
#........#..........#####...
#........##.⌠..>..⌠.#...####
#........#.................#
#........#.###...###.......#


You could see 2 orc priests and an orc.

Vanquished Creatures
  Menkaure (D:5)
  Duvessa (D:4)
  2 ogres
  Dowan (D:4)
  A wyvern skeleton (D:5)
  2 scorpions (D:5)
  An orc priest (D:3)
  A centaur skeleton (D:4)
  2 iguanas
  7 adders
  A shadow imp (D:5)
  An ooze (D:2)
  2 worms
  A dart slug (D:1)
  2 leopard geckos
  5 orcs
  4 ball pythons
  8 giant cockroaches
  3 goblins
  9 hobgoblins
  8 jackals (D:3)
  6 kobolds
  3 quokkas
  5 bats
  9 frilled lizards
  12 rats
98 creatures vanquished.

Notes
Turn   | Place    | Note
-------+----------+-------------------------------------------
     0 | D:1      | Delamore the Gargoyle Fighter began the quest for the Orb.
     0 | D:1      | Reached XP level 1. HP: 14/14 MP: 1/1
    54 | D:1      | Reached XP level 2. HP: 9/19 MP: 2/2
   582 | D:1      | Reached XP level 3. HP: 23/23 MP: 3/3
   909 | D:2      | Found a white marble altar of Elyvilon.
   924 | D:2      | Found a faded altar of an unknown god.
  1122 | D:2      | Reached XP level 4. HP: 23/29 MP: 4/4
  1253 | D:2      | Reached skill level 3 in Maces & Flails
  1789 | D:3      | Reached XP level 5. HP: 11/33 MP: 5/5
  2698 | D:4      | Noticed an ogre
  2710 | D:4      | Killed an ogre
  2710 | D:4      | Reached XP level 6. HP: 28/39 MP: 6/6
  2863 | D:4      | Noticed Duvessa
  2865 | D:4      | Noticed Dowan
  2897 | D:4      | Killed Duvessa
  2897 | D:4      | Reached skill level 5 in Fighting
  2897 | D:4      | Reached skill level 4 in Maces & Flails
  2897 | D:4      | Reached skill level 5 in Armour
  2901 | D:4      | Killed Dowan
  2901 | D:4      | Reached skill level 5 in Shields
  2901 | D:4      | Reached XP level 7. HP: 32/44 MP: 7/7
  2922 | D:4      | Got a dazzling spear
  2923 | D:4      | Identified the +5 spear "Kibim" {elec, *Corrode rElec
                  | Int+4} (You found it on level 4 of the Dungeon)
  3403 | D:5      | Entered Level 5 of the Dungeon
  3419 | D:5      | Reached skill level 5 in Maces & Flails
  3574 | D:5      | Noticed Menkaure
  3581 | D:5      | Killed Menkaure
  3581 | D:5      | Reached skill level 6 in Maces & Flails
  3694 | D:5      | Found a staircase to the Ecumenical Temple.
  3725 | D:5      | Reached XP level 8. HP: 49/49 MP: 8/8
  3734 | Temple   | Entered the Ecumenical Temple
  3881 | Temple   | Became a worshipper of Warmaster Okawaru
  3926 | D:5      | Killed from afar by an orc priest

Illustrated notes

Levels and vault maps discovered:
D:1:      heliophobic_arrival_dark_side_of_the_moon, layout_basic
D:2:      layout_rooms, overflow_temple_1_default,
          chequers_ecumenical_altar_simple
D:3:      layout_rooms, first_ration
D:4:      layout_rooms, patterned_corridor, uniq_duvessa
D:5:      layout_gridville, minmay_temple_entry_junction, uniq_menkaure
Temple:   dshaligram_water_room_temple

Skill      XL: |  1  2  3  4  5  6  7 |
---------------+----------------------+-----
Maces & Flails | 3 4 6 |  6.8
Armour         | 4 5 |  5.0
Fighting       | 4 5 |  5.0
Shields        | 4 5 |  5.0

Action                   |  1- 3 |  4- 6 |  7- 9 || total
-------------------------+-------+-------+-------++-------
Melee: Flail             |   111 |   280 |    61 ||   452
  Eat: Chunk             |     1 |     6 |       ||     7
       Ration            |       |       |     1 ||     1
Armor: Scale mail        |    82 |    22 |       ||   104
       Chain mail        |       |   250 |    53 ||   303
Dodge: Dodged            |    43 |   110 |    19 ||   172
Block: Kite shield       |    62 |   232 |    48 ||   342
